 Dungeon Crawl Stone Soup version 0.27-a0-448-gace5c5693b (webtiles) character file.

Game seed: 12417671556734442350

21 Anon1729 the Skirmisher (level 2, -5/26 HPs)
             Began as a Ghoul Fighter on Feb 28, 2021.
             Killed from afar by Terence (7 damage)
             ... with a puff of flame
             ... on level 1 of the Dungeon.
             The game lasted 00:00:42 (522 turns).

Anon1729 the Skirmisher (Ghoul Fighter)              Turns: 522, Time: 00:00:43

Health: -5/26      AC:  7    Str: 19    XL:     2   Next: 83%
Magic:  1/1        EV:  7    Int:  3    God:
Gold:   55         SH:  9    Dex: 14    Spells: 1/1 levels left

rFire    . . .     SeeInvis .   a - +0 war axe
rCold    + . .     Faith    .   c - +0 kite shield
rNeg     + + +     Spirit   .   b - +0 scale mail
rPois    ∞         Reflect  .   i - +0 helmet
rElec    .         Harm     .   (no cloak)
rCorr    .         Rampage  .   (no gloves)
Will     .....                  (no boots)
Stlth    ..........             (no amulet)
HPRegen  0.00/turn              m - +6 ring of dexterity
MPRegen  0.07/turn              (no ring)

@: no status effects
A: claws 1, cold resistance 1, negative energy resistance 3, inhibited
regeneration, torment resistance, unbreathing
a: no special abilities


You were on level 1 of the Dungeon.
You visited 1 branch of the dungeon, and saw 2 of its levels.

You collected 55 gold pieces.

Inventory:

Hand Weapons
 a - a +0 war axe (weapon)
Armour
 b - a +0 scale mail (worn)
 c - a +0 kite shield (worn)
 i - a +0 helmet (worn)
Jewellery
 m - a +6 ring of dexterity (left claw)
 n - an amulet of magic regeneration
Scrolls
 f - 2 scrolls of identify {unknown}
 g - a scroll of magic mapping {unknown}
 k - a scroll of enchant weapon {unknown}
 l - a scroll of blinking {unknown}
Potions
 d - a potion of might
 e - 2 potions of magic {unknown}
 h - 2 potions of attraction {unknown}
 j - a potion of resistance {unknown}


   Skills:
 + Level 3.5 Fighting
 + Level 2.0 Axes
 + Level 3.0 Armour
 + Level 3.0 Shields


You had one spell level left.
You didn't know any spells.
Your spell library was empty.

Dungeon Overview and Level Annotations

Branches:
Dungeon (2/15)

Altars:

Annotations:
D:1 Terence


Innate Abilities, Weirdness & Mutations

You thrive by killing the living.
You are immune to poison.
You have sharp fingernails.
Your flesh is cold resistant. (rC+)
You are immune to negative energy. (rN+++)
You do not regenerate when monsters are visible.
You are immune to unholy pain and torment.
You can survive without breathing.


Message History

The adder hisses angrily.
Terence zaps a wand.
The puff of flame hits you but does no damage.
Found a ring mail.
Found a stone staircase leading up.
You see here an amulet of magic regeneration.
You block the kobold's attack.
You closely miss the kobold. You block the kobold's attack.
You hit the adder.
The adder is heavily wounded.
You closely miss the kobold. The adder completely misses you.
The kobold hits you but does no damage. The adder bites you but does no damage.
Terence hits you but does no damage. The kobold hits you with a +0 club.
You miss the adder.
The adder is heavily wounded.
You barely miss the kobold. You hit Terence. You block the adder's attack.
You block Terence's attack. The adder closely misses you.
The kobold closely misses you. The adder bites you.
You see here an amulet of magic regeneration.
n - an amulet of magic regeneration Terence says, "Time to say good-bye..."
Terence zaps a wand.
The puff of flame hits you! You block the kobold's attack.
The adder closely misses you. The adder barely misses you.
There is a stone staircase leading up here.
Terence hits you but does no damage. You block the adder's attack.
You climb upwards.
There is a stone staircase leading down here.
Terence hits you with a +0 hand axe. The adder bites you but does no damage.
Okay, then.
You hit Terence.
Terence is heavily wounded.
Terence zaps a wand.
The puff of flame hits you.
* * * LOW HITPOINT WARNING * * *
Terence hits you with a +0 hand axe.
* * * LOW HITPOINT WARNING * * *
Unknown command.
Terence zaps a wand.
The puff of flame hits you!
You die...

....................#
.......#............#
....................#
...................##
.............>..####
................S..#
##.###....[....#@#.#
##.#.........###.#+#
............##..@..##
#.##.......##.......##
#.##...(..##.........##
..##.....#+...........##
.#####...#.............#
.........#.............#
....##...#......<......#
..#).....#.............#
.........#.............#


You could see Terence and an adder.

Vanquished Creatures
  An ooze (D:1)
  2 dart slugs (D:1)
  4 goblins (D:1)
  A hobgoblin (D:1)
  A kobold (D:1)
  2 frilled lizards (D:1)
  2 rats (D:1)
13 creatures vanquished.

Notes
Turn   | Place    | Note
-------+----------+-------------------------------------------
     0 | D:1      | Anon1729 the Ghoul Fighter began the quest for the Orb.
     0 | D:1      | Reached XP level 1. HP: 19/19 MP: 0/0
    67 | D:1      | Reached XP level 2. HP: 26/26 MP: 1/1
   504 | D:2      | Noticed Terence
   522 | D:1      | Killed from afar by Terence

Illustrated notes

Levels and vault maps discovered:
D:1:      lemuel_arrival_rhombus, layout_rooms
D:2:      layout_rooms, fedhas_altar_3, uniq_robin, uniq_terence,
          uniq_crazy_yiuf_cottage

Skill      XL: |  1  2 |
---------------+-------+-----
Armour         | 3 |  3.0
Axes           | 2 |  2.0
Shields        | 3 |  3.0
Fighting       | |  3.5

Action                   || total
-------------------------++-------
Melee: War axe           ||    43
Armor: Scale mail        ||    19
Dodge: Dodged            ||    18
Block: Kite shield       ||    32

Table legend: (Time is in decaauts)
 A = Elapsed time spent in this place.
 B = Non-inter-level travel time spent in this place.
 C = Inter-level travel time spent in this place.
 D = Time resting spent in this place.
 E = Time spent auto-exploring this place.
 F = Levels seen in this place.
 G = Mean time per level.
                   A        B        C        D        E       F      G
               +--------+--------+--------+--------+--------+-----+--------+
         Total |    549 |    521 |     28 |      0 |    380 |   2 |  274.5 |
       Dungeon |    549 |    521 |     28 |      0 |    380 |   2 |  274.5 |
               +--------+--------+--------+--------+--------+-----+--------+

Top non-repeatable levels by time:
     D:1: 531 daAuts
     D:2: 17 daAuts
